[ AOE2 MATCH · #505593543 ]
UnrankedTupi vs Goths
Player's team · WIN
Rival team · LOSS
[ REPLAY ANALYSIS · EXTRACTED FROM THE RECORDED GAME ]
Feudal
10:04
Castle
22:39
Imperial
36:12
| APM avg | 60.6 |
| APM peak | 148 |
| eAPM avg | 23.0 |
| Villagers / military | 95 / 40 |
Focus
⚔️ 30.7% · 🌾 69.3%
Unknown (2582) ×24 · Archer ×22 · Skirmisher ×9 · Spearman ×4 · Monk ×3 · Mangonel ×2
Feudal
14:07
Castle
22:39
Imperial
—
| APM avg | 63.6 |
| APM peak | 120 |
| eAPM avg | 26.5 |
| Villagers / military | 134 / 60 |
Focus
⚔️ 36.0% · 🌾 64.0%
Skirmisher ×25 · Cavalry Archer ×15 · Militia ×14 · Scout Cavalry ×4 · Knight ×2
Match map
Initial resources + every placement click. Lines = walls · curves = elevation contours. ◆ gold · ⬟ stone · ● berries · ✦ relic · ◌ wall gap
Your base· Open — opponent sealed themselves in
NatheSpike's base· ✓ Closed at 22:39 · 67t walls · no gate
Smoothed initial terrain · ◌ = detected wall gap · hover for details
Inputs per minute
— PigeonOnABrick - - NatheSpike
Build order — PigeonOnABrick
First 150 of 267 actions detected
| 0:00 | Queue | Villager (Male) |
| 0:01 | Queue | Villager (Male) |
| 0:02 | Build | House |
| 0:04 | Build | House |
| 0:21 | Queue | Villager (Male) |
| 0:21 | Queue | Villager (Male) |
| 1:07 | Queue | Villager (Male) |
| 1:28 | Queue | Villager (Male) |
| 1:59 | Queue | Villager (Male) |
| 2:03 | Build | Settlement |
| 2:21 | Queue | Villager (Male) |
| 3:00 | Queue | Villager (Male) |
| 3:35 | Build | House |
| 3:42 | Queue | Villager (Male) |
| 3:58 | Queue | Villager (Male) |
| 4:09 | Build | Settlement |
| 4:19 | Queue | Villager (Male) |
| 4:44 | Queue | Villager (Male) |
| 5:16 | Queue | Villager (Male) |
| 5:29 | Queue | Villager (Male) |
| 6:08 | Queue | Villager (Male) |
| 6:33 | Queue | Villager (Male) |
| 6:34 | Research | Loom |
| 6:45 | Build | Barracks |
| 6:53 | Build | House |
| 7:54 | Research | Feudal Age |
| 8:14 | Build | House |
| 8:16 | Build | Palisade Wall |
| 8:48 | Queue | Villager (Male) |
| 9:24 | Build | Settlement |
| 10:04 | Age | Feudal Age |
| 10:06 | Build | Blacksmith |
| 10:15 | Build | Archery Range |
| 10:18 | Build | Archery Range |
| 10:22 | Queue | Villager (Male) |
| 10:31 | Queue | Villager (Male) |
| 10:50 | Research | Double-Bit Axe |
| 10:55 | Queue | Skirmisher |
| 10:58 | Research | Fletching |
| 11:01 | Queue | Villager (Male) |
| 11:14 | Build | House |
| 11:16 | Build | Palisade Wall |
| 11:21 | Queue | Skirmisher |
| 11:27 | Queue | Villager (Male) |
| 11:30 | Queue | Skirmisher |
| 11:49 | Queue | Skirmisher |
| 11:55 | Build | Farm |
| 11:57 | Build | Farm |
| 12:08 | Build | House |
| 12:12 | Build | House |
| 12:23 | Queue | Skirmisher |
| 12:29 | Build | Farm |
| 12:31 | Build | Farm |
| 12:35 | Queue | Villager (Male) |
| 12:55 | Build | Settlement |
| 13:02 | Queue | Villager (Male) |
| 13:14 | Queue | Villager (Male) |
| 13:35 | Queue | Skirmisher |
| 13:41 | Queue | Villager (Male) |
| 13:44 | Build | Farm |
| 14:13 | Queue | Villager (Male) |
| 14:22 | Queue | Villager (Male) |
| 14:52 | Build | Farm |
| 14:53 | Build | Farm |
| 14:59 | Build | Farm |
| 15:01 | Queue | Villager (Male) |
| 15:04 | Build | Farm |
| 15:05 | Build | Farm |
| 15:07 | Build | Farm |
| 15:10 | Build | Farm |
| 15:25 | Queue | Villager (Male) |
| 15:28 | Build | Farm |
| 15:51 | Queue | Spearman |
| 16:01 | Queue | Villager (Male) |
| 16:01 | Queue | Villager (Male) |
| 16:07 | Build | House |
| 16:21 | Queue | Archer |
| 16:28 | Queue | Villager (Male) |
| 16:46 | Queue | Archer |
| 17:00 | Queue | Villager (Male) |
| 17:18 | Queue | Archer |
| 17:41 | Build | Archery Range |
| 17:52 | Queue | Villager (Male) |
| 18:14 | Build | House |
| 18:16 | Queue | Villager (Male) |
| 18:25 | Queue | Archer |
| 18:26 | Queue | Archer |
| 18:38 | Queue | Archer |
| 18:38 | Queue | Archer |
| 18:42 | Research | Castle Age |
| 18:53 | Queue | Archer |
| 18:55 | Queue | Archer |
| 19:05 | Queue | Spearman |
| 19:07 | Queue | Archer |
| 19:07 | Queue | Archer |
| 19:39 | Queue | Archer |
| 19:39 | Queue | Archer |
| 19:42 | Queue | Villager (Male) |
| 19:50 | Queue | Archer |
| 19:58 | Research | Castle Age |
| 20:05 | Research | Horse Collar |
| 20:05 | Research | Gold Mining |
| 20:08 | Queue | Spearman |
| 20:11 | Queue | Spearman |
| 20:12 | Queue | Villager (Male) |
| 20:17 | Queue | Archer |
| 20:17 | Queue | Archer |
| 20:45 | Research | Padded Archer Armor |
| 20:50 | Queue | Archer |
| 20:50 | Queue | Archer |
| 21:33 | Queue | Archer |
| 21:33 | Queue | Archer |
| 21:48 | Build | Farm |
| 21:48 | Build | Farm |
| 21:55 | Build | House |
| 22:01 | Build | Farm |
| 22:03 | Build | Farm |
| 22:04 | Build | Farm |
| 22:39 | Age | Castle Age |
| 22:42 | Research | Crossbowman (upgrade) |
| 22:43 | Research | Bodkin Arrow |
| 23:02 | Research | Leather Archer Armor |
| 23:11 | Build | Town Center |
| 23:15 | Queue | Villager (Male) |
| 23:23 | Research | Bow Saw |
| 23:24 | Queue | Villager (Male) |
| 23:33 | Research | Town Watch |
| 24:02 | Queue | Villager (Male) |
| 24:07 | Research | Heavy Plow |
| 24:12 | Queue | Villager (Male) |
| 24:15 | Queue | Villager (Male) |
| 24:34 | Queue | Villager (Male) |
| 24:58 | Build | Town Center |
| 25:02 | Queue | Villager (Male) |
| 25:03 | Queue | Villager (Male) |
| 25:29 | Build | Farm |
| 25:30 | Build | Farm |
| 25:31 | Build | Farm |
| 25:35 | Queue | Unit 2582 |
| 25:36 | Queue | Unit 2582 |
| 25:36 | Queue | Unit 2582 |
| 25:39 | Queue | Villager (Male) |
| 25:52 | Queue | Unit 2582 |
| 26:02 | Queue | Villager (Male) |
| 26:04 | Queue | Unit 2582 |
| 26:06 | Build | Barracks |
| 26:19 | Queue | Villager (Male) |
| 26:20 | Queue | Villager (Male) |
| 26:20 | Queue | Villager (Male) |
| 26:40 | Queue | Villager (Male) |
Build order — NatheSpike
First 150 of 310 actions detected
| 0:01 | Queue | Villager (Male) |
| 0:01 | Queue | Villager (Male) |
| 0:01 | Queue | Villager (Male) |
| 0:03 | Build | House |
| 0:04 | Build | House |
| 0:17 | Queue | Villager (Male) |
| 0:18 | Queue | Villager (Male) |
| 1:17 | Queue | Villager (Male) |
| 1:17 | Queue | Villager (Male) |
| 2:00 | Queue | Villager (Male) |
| 2:00 | Queue | Villager (Male) |
| 2:13 | Queue | Villager (Male) |
| 2:14 | Queue | Villager (Male) |
| 2:43 | Build | House |
| 2:46 | Queue | Villager (Male) |
| 2:47 | Queue | Villager (Male) |
| 3:15 | Queue | Villager (Male) |
| 3:15 | Queue | Villager (Male) |
| 3:29 | Build | Barracks |
| 3:41 | Queue | Villager (Male) |
| 3:41 | Queue | Villager (Male) |
| 4:05 | Build | House |
| 4:11 | Queue | Villager (Male) |
| 4:11 | Queue | Villager (Male) |
| 4:30 | Queue | Villager (Male) |
| 4:30 | Queue | Villager (Male) |
| 4:51 | Queue | Militia |
| 4:52 | Queue | Militia |
| 5:04 | Queue | Villager (Male) |
| 5:05 | Queue | Villager (Male) |
| 5:22 | Queue | Militia |
| 5:23 | Queue | Militia |
| 5:33 | Queue | Villager (Male) |
| 5:33 | Queue | Villager (Male) |
| 5:33 | Queue | Villager (Male) |
| 5:52 | Queue | Villager (Male) |
| 5:52 | Queue | Villager (Male) |
| 6:01 | Queue | Militia |
| 6:02 | Queue | Militia |
| 6:17 | Build | Lumber Camp |
| 6:22 | Queue | Villager (Male) |
| 6:23 | Queue | Villager (Male) |
| 6:35 | Queue | Villager (Male) |
| 6:39 | Queue | Militia |
| 6:40 | Queue | Militia |
| 6:41 | Queue | Villager (Male) |
| 6:42 | Queue | Villager (Male) |
| 7:14 | Queue | Militia |
| 7:15 | Queue | Militia |
| 7:29 | Queue | Villager (Male) |
| 7:49 | Build | House |
| 7:55 | Build | Mill |
| 7:56 | Queue | Villager (Male) |
| 8:14 | Queue | Villager (Male) |
| 8:15 | Queue | Militia |
| 8:15 | Queue | Militia |
| 8:21 | Build | House |
| 8:24 | Queue | Villager (Male) |
| 8:33 | Queue | Villager (Male) |
| 9:02 | Queue | Villager (Male) |
| 9:02 | Queue | Villager (Male) |
| 9:03 | Queue | Villager (Male) |
| 9:03 | Queue | Villager (Male) |
| 9:10 | Queue | Militia |
| 9:16 | Build | Farm |
| 9:17 | Build | Farm |
| 9:37 | Queue | Villager (Male) |
| 9:42 | Build | Farm |
| 9:56 | Queue | Villager (Male) |
| 10:07 | Build | Farm |
| 10:10 | Build | Palisade Wall |
| 10:31 | Queue | Villager (Male) |
| 10:38 | Build | Farm |
| 10:48 | Build | Palisade Wall |
| 10:49 | Build | Palisade Wall |
| 10:54 | Queue | Villager (Male) |
| 11:00 | Build | Palisade Wall |
| 11:08 | Build | Farm |
| 11:19 | Build | Farm |
| 11:28 | Build | Palisade Wall |
| 11:36 | Build | House |
| 11:42 | Research | Loom |
| 11:57 | Research | Feudal Age |
| 11:57 | Research | Feudal Age |
| 12:01 | Build | Palisade Wall |
| 12:15 | Build | Farm |
| 12:36 | Build | Farm |
| 12:42 | Build | Palisade Wall |
| 12:46 | Build | House |
| 12:48 | Build | Palisade Wall |
| 13:12 | Queue | Villager (Male) |
| 13:26 | Build | Palisade Wall |
| 13:29 | Build | Lumber Camp |
| 13:37 | Queue | Villager (Male) |
| 13:51 | Build | Farm |
| 14:07 | Age | Feudal Age |
| 14:14 | Research | Double-Bit Axe |
| 14:25 | Queue | Villager (Male) |
| 14:33 | Build | Stable |
| 14:41 | Queue | Villager (Male) |
| 14:49 | Research | Horse Collar |
| 14:49 | Research | Horse Collar |
| 14:53 | Queue | Villager (Male) |
| 15:01 | Queue | Villager (Male) |
| 15:16 | Build | Farm |
| 15:17 | Queue | Villager (Male) |
| 15:20 | Build | Farm |
| 15:21 | Queue | Villager (Male) |
| 15:30 | Build | Palisade Wall |
| 15:31 | Queue | Scout Cavalry |
| 15:32 | Queue | Scout Cavalry |
| 15:45 | Research | Man-at-Arms (upgrade) |
| 15:46 | Research | Man-at-Arms (upgrade) |
| 15:55 | Build | Farm |
| 15:58 | Queue | Villager (Male) |
| 16:00 | Build | Mining Camp |
| 16:03 | Queue | Villager (Male) |
| 16:18 | Build | House |
| 16:39 | Queue | Scout Cavalry |
| 16:41 | Queue | Villager (Male) |
| 16:43 | Build | Farm |
| 16:45 | Build | Farm |
| 16:48 | Research | Wheelbarrow |
| 16:51 | Build | Farm |
| 17:10 | Queue | Villager (Male) |
| 17:17 | Build | Blacksmith |
| 17:35 | Queue | Scout Cavalry |
| 17:59 | Queue | Villager (Male) |
| 18:03 | Research | Scale Mail Armor |
| 18:36 | Queue | Villager (Male) |
| 18:52 | Build | Market |
| 18:53 | Queue | Villager (Male) |
| 19:16 | Build | Farm |
| 19:16 | Build | Farm |
| 19:16 | Build | Farm |
| 19:16 | Build | Farm |
| 19:25 | Queue | Villager (Male) |
| 19:28 | Build | Archery Range |
| 19:59 | Research | Castle Age |
| 19:59 | Research | Castle Age |
| 20:09 | Queue | Villager (Male) |
| 20:12 | Build | House |
| 20:22 | Queue | Skirmisher |
| 20:25 | Research | Fletching |
| 20:33 | Queue | Villager (Male) |
| 20:51 | Build | Lumber Camp |
| 20:54 | Research | Padded Archer Armor |
| 20:55 | Queue | Skirmisher |
| 21:19 | Queue | Skirmisher |
| 21:22 | Queue | Villager (Male) |
Match timeline
| 3:29 | NatheSpike · first_building Barracks |
| 6:45 | PigeonOnABrick · first_building Barracks |
| 8:16 | PigeonOnABrick · wall_segment Palisade Wall x3 |
| 10:04 | PigeonOnABrick · age_up feudal |
| 10:10 | NatheSpike · wall_segment Palisade Wall x15 |
| 10:15 | PigeonOnABrick · first_building Archery Range |
| 10:48 | NatheSpike · wall_segment Palisade Wall x1 |
| 10:49 | NatheSpike · wall_segment Palisade Wall x1 |
| 11:00 | NatheSpike · wall_segment Palisade Wall x11 |
| 11:16 | PigeonOnABrick · wall_segment Palisade Wall x6 |
| 11:28 | NatheSpike · wall_segment Palisade Wall x12 |
| 12:01 | NatheSpike · wall_segment Palisade Wall x8 |
| 12:42 | NatheSpike · wall_segment Palisade Wall x5 |
| 12:48 | NatheSpike · wall_segment Palisade Wall x3 |
| 13:26 | NatheSpike · wall_segment Palisade Wall x11 |
| 14:07 | NatheSpike · age_up feudal |
| 14:33 | NatheSpike · first_building Stable |
| 15:30 | NatheSpike · wall_segment Palisade Wall x1 |
| 19:28 | NatheSpike · first_building Archery Range |
| 19:48 | NatheSpike · first_market_buy 100 food |
| 19:48 | NatheSpike · first_market_sell 100 wood |
| 22:23 | NatheSpike · wall_segment Palisade Wall x1 |
| 22:39 | NatheSpike · age_up castle |
| 22:39 | PigeonOnABrick · age_up castle |
| 23:03 | NatheSpike · first_building Monastery |
| 28:36 | PigeonOnABrick · first_building Siege Workshop |
| 32:00 | PigeonOnABrick · first_building Monastery |
| 32:06 | PigeonOnABrick · first_market_sell 500 wood |
| 32:54 | NatheSpike · first_building Castle |
| 33:21 | PigeonOnABrick · first_building Castle |
| 36:12 | PigeonOnABrick · age_up imperial |
| 36:18 | NatheSpike · resign |
[ AI ANALYSIS · 1 CREDIT ]
What really happened in this match?
Wolo.gg analyzes every decision: build order, eco, micro, common mistakes by bracket. Personalized analysis on WhatsApp or Discord in 30 seconds.
Civ guide
Tupi
Perfil
Jugador #10657462